APP
HELENA BREWERS @ MISSOULA OSPREY
10/04/2045
 
TOP OF THE 1ST
Johnson City Cardinals batting - Pitching for San Francisco (APP) Giants : RHP Sanya Mikushevich
Pitching: RHP Sanya Mikushevich
Batting: RHB Fortunato Fteira 0-0: Ball
1-0: Called Strike
1-1: Foul Ball, location: 2F
1-2: Foul Ball, location: 2F
1-2: Strikes out swinging
Batting: RHB Mario Mendoza 0-0: Ball
1-0: Ball
2-0: Ball
3-0: Called Strike
3-1: Base on Balls
Batting: RHB Pat Scaturro 0-0: Ball
Wild Pitch!
Mario Mendoza to second
1-0: Called Strike
Mario Mendoza steals 3rd base
1-1: Ball
2-1: Ball
3-1: Called Strike
3-2: Strikes out swinging
Batting: RHB Francisco de la Cruz 0-0: Ball
1-0: Ball
2-0: Ball
3-0: Called Strike
3-1: Foul Ball, location: 2F
3-2: Base on Balls
Batting: RHB Brad Payne 0-0: Called Strike
0-1: Ball
1-1: Ball
2-1: Fly out, F8 (Flyball, 78S, EV 80.0 MPH)
Top of the 1st over - 0 runs, 0 hits, 0 errors, 2 left on base; Johnson City 0 - San Francisco (APP) 0
BOTTOM OF THE 1ST
San Francisco (APP) Giants batting - Pitching for Johnson City Cardinals : RHP Gareth Haigh
Pitching: RHP Gareth Haigh
Batting: RHB Ryan Bentz 0-0: Called Strike
0-1: Ball
1-1: Swinging Strike
1-2: DOUBLE (Groundball, 5L, EV 108.8 MPH)
Batting: RHB Jeremy Bailey 0-0: Ball
1-0: Ball
2-0: Ball
3-0: Called Strike
3-1: Foul Ball, location: 2F
3-2: Foul Ball, location: 2F
3-2: Ground out 6-3 (Groundball, 6, EV 93.1 MPH)
Ryan Bentz to third
Batting: RHB Teruhide Horiuchi 0-0: Ball
1-0: SINGLE (Line Drive, 8RS, EV 110.6 MPH)
Ryan Bentz scores
Batting: RHB Bill Defazio 0-0: Ball
1-0: Ball
2-0: Called Strike
2-1: Foul Ball, location: 2F
2-2: Foul Ball, location: 2F
2-2: Grounds into double play, 4-6-3 (Groundball, 4S, EV 88.8 MPH)
Bottom of the 1st over - 1 run, 2 hits, 0 errors, 0 left on base; Johnson City 0 - San Francisco (APP) 1
TOP OF THE 2ND
Johnson City Cardinals batting - Pitching for San Francisco (APP) Giants : RHP Sanya Mikushevich
Batting: RHB Austin Akers 0-0: SINGLE (Flyball, 5D, EV 98.8 MPH)
Batting: RHB Kyle Burns 0-0: Called Strike
0-1: Ball
1-1: Ball
2-1: Foul Ball, location: 2F
2-2: Ball
3-2: Fielders Choice at 2nd, 6-4 (Groundball, 6, EV 103.1 MPH)
Batting: RHB Chris Jones 0-0: Called Strike
0-1: Grounds into double play, 4-6-3 (Groundball, 4, EV 101.2 MPH)
Top of the 2nd over - 0 runs, 1 hit, 0 errors, 0 left on base; Johnson City 0 - San Francisco (APP) 1
BOTTOM OF THE 2ND
San Francisco (APP) Giants batting - Pitching for Johnson City Cardinals : RHP Gareth Haigh
Batting: RHB Frank Pena 0-0: SINGLE (Flyball, 89S, EV 96.2 MPH)
Batting: RHB John Tyra 0-0: Swinging Strike
0-1: Foul Ball, location: 2F
0-2: Ball
1-2: Ball
2-2: Strikes out looking
Batting: RHB Pedro Quezada 0-0: Foul Ball, location: 2F
0-1: Ball
1-1: Called Strike
1-2: Hit by Pitch
Frank Pena to second
Batting: RHB David Andrews 0-0: Ball
1-0: Ball
Frank Pena is caught stealing 3rd base 2-5
Pedro Quezada to second
2-0: Ball
3-0: Called Strike
3-1: Called Strike
3-2: Foul Ball, location: 2F
3-2: Base on Balls
Batting: RHB Bob Schweiger 0-0: Called Strike
David Andrews steals 2nd base
Pedro Quezada steals 3rd base
0-1: Foul Ball, location: 2F
0-2: Ball
1-2: SINGLE (Groundball, 34D, EV 109.4 MPH)
Pedro Quezada scores
David Andrews to third
Runner from 3rd tries for Home, SAFE, throw by RF to home
Batting: RHB Ryan Bentz 0-0: Fielders Choice at 2nd, 6-4 (Groundball, 56, EV 81.2 MPH)
Bottom of the 2nd over - 2 runs, 2 hits, 0 errors, 1 left on base; Johnson City 0 - San Francisco (APP) 3
TOP OF THE 3RD
Johnson City Cardinals batting - Pitching for San Francisco (APP) Giants : RHP Sanya Mikushevich
Batting: RHB Ray Souza 0-0: Called Strike
0-1: Ball
1-1: DOUBLE (Groundball, 5L, EV 101.2 MPH)
Batting: RHB Fortunato Fteira 0-0: Ground out U3 (Groundball, 23, EV 85.0 MPH)
Ray Souza to third
Batting: RHB Mario Mendoza 0-0: Ball
1-0: Foul Ball, location: 2F
1-1: Ball
2-1: Ball
3-1: Base on Balls
Batting: RHB Pat Scaturro 0-0: Ball
Mario Mendoza steals 2nd base
1-0: Foul Ball, location: 2F
1-1: Fly out, F4 (Line Drive, 4, EV 67.5 MPH)
Batting: RHB Francisco de la Cruz 0-0: Called Strike
0-1: Swinging Strike
0-2: Ball
1-2: Foul Ball, location: 2F
1-2: Strikes out swinging
Top of the 3rd over - 0 runs, 1 hit, 0 errors, 2 left on base; Johnson City 0 - San Francisco (APP) 3
BOTTOM OF THE 3RD
San Francisco (APP) Giants batting - Pitching for Johnson City Cardinals : RHP Gareth Haigh
Batting: RHB Jeremy Bailey 0-0: Called Strike
0-1: SINGLE (Groundball, 4MD, EV 97.5 MPH)
Batting: RHB Teruhide Horiuchi 0-0: Fly out, F9 (Line Drive, 9, EV 93.8 MPH)
Batting: RHB Bill Defazio 0-0: Ball
1-0: Swinging Strike
1-1: SINGLE (Groundball, 6D, EV 107.5 MPH)
Jeremy Bailey to second
Batting: RHB Frank Pena 0-0: Called Strike
0-1: Foul Ball, location: 2F
0-2: Strikes out swinging
Batting: RHB John Tyra 0-0: Foul Ball, location: 2F
0-1: Fly out, F8 (Flyball, 89XD, EV 103.8 MPH)
Bottom of the 3rd over - 0 runs, 2 hits, 0 errors, 2 left on base; Johnson City 0 - San Francisco (APP) 3
TOP OF THE 4TH
Johnson City Cardinals batting - Pitching for San Francisco (APP) Giants : RHP Sanya Mikushevich
Batting: RHB Brad Payne 0-0: Ball
1-0: Ball
2-0: Called Strike
2-1: SINGLE (Groundball, 4MS, EV 60.6 MPH) (infield hit)
Batting: RHB Austin Akers 0-0: Called Strike
0-1: Ball
1-1: Fly out, F5 (Line Drive, 5, EV 64.4 MPH)
Batting: RHB Kyle Burns 0-0: DOUBLE (Line Drive, 78D, EV 105.6 MPH)
Brad Payne to third
Batting: RHB Chris Jones 0-0: Ball
1-0: Ball
2-0: Ball
3-0: Base on Balls
Pitching: LHP Mark Gregor
Batting: RHB Ray Souza 0-0: Called Strike
0-1: Ball
1-1: Ball
2-1: Ground out 6-3 (Groundball, 6MD, EV 98.8 MPH)
Brad Payne scores
Kyle Burns to third
Chris Jones to second
Batting: RHB Fortunato Fteira 0-0: Foul Ball, location: 2F
0-1: Foul Ball, location: 2F
0-2: Ball
1-2: Ball
2-2: Foul Ball, location: 2F
2-2: Ball
3-2: Foul Ball, location: 2F
3-2: SINGLE (Line Drive, 78S, EV 98.8 MPH)
Kyle Burns scores
Chris Jones to third
Runner from 3rd tries for Home, SAFE, throw by LF to home
Fortunato Fteira to second
Batting: RHB Mario Mendoza 0-0: Called Strike
0-1: Ball
1-1: Swinging Strike
1-2: Ball
2-2: Ball
3-2: Base on Balls
Pitching: RHP Nick McDade
Batting: RHB Pat Scaturro 0-0: Ball
1-0: Swinging Strike
1-1: Swinging Strike
1-2: Ball
2-2: Ball
3-2: Base on Balls
Fortunato Fteira to third
Mario Mendoza to second
Batting: RHB Francisco de la Cruz 0-0: Fielders Choice at 2nd, 6-4 (Groundball, 6, EV 100.0 MPH)
Top of the 4th over - 3 runs, 3 hits, 0 errors, 3 left on base; Johnson City 3 - San Francisco (APP) 3
BOTTOM OF THE 4TH
San Francisco (APP) Giants batting - Pitching for Johnson City Cardinals : RHP Gareth Haigh
Batting: RHB Pedro Quezada 0-0: Ball
1-0: Foul Ball, location: 2F
1-1: Hit by Pitch
Batting: RHB David Andrews 0-0: Called Strike
0-1: Called Strike
0-2: Ball
1-2: Foul Ball, location: 2F
1-2: Foul Ball, location: 2F
1-2: Ball
2-2: Strikes out swinging
Batting: RHB Bob Schweiger 0-0: Ball
Wild Pitch!
Pedro Quezada to second
1-0: Called Strike
1-1: Swinging Strike
1-2: Strikes out swinging
Batting: RHB Ryan Bentz 0-0: Ball
1-0: Called Strike
1-1: Swinging Strike
1-2: Strikes out swinging
Bottom of the 4th over - 0 runs, 0 hits, 0 errors, 1 left on base; Johnson City 3 - San Francisco (APP) 3
TOP OF THE 5TH
Johnson City Cardinals batting - Pitching for San Francisco (APP) Giants : RHP Nick McDade
Batting: RHB Brad Payne 0-0: Ground out 6-3 (Groundball, 6, EV 83.1 MPH)
Batting: RHB Austin Akers 0-0: Ball
1-0: Ball
2-0: Ball
3-0: Ground out 1-3 (Groundball, 25, EV 66.2 MPH)
Batting: RHB Kyle Burns 0-0: Called Strike
0-1: Foul Ball, location: 2F
0-2: Strikes out swinging
Top of the 5th over - 0 runs, 0 hits, 0 errors, 0 left on base; Johnson City 3 - San Francisco (APP) 3
BOTTOM OF THE 5TH
San Francisco (APP) Giants batting - Pitching for Johnson City Cardinals : RHP Gareth Haigh
Batting: RHB Jeremy Bailey 0-0: Fly out, F4 (Popup, 4MD, EV 55.0 MPH)
Batting: RHB Teruhide Horiuchi 0-0: Called Strike
0-1: Called Strike
0-2: Strikes out swinging
Batting: RHB Bill Defazio 0-0: Ball
1-0: Ball
2-0: Fly out, F8 (Flyball, 8RXD, EV 93.8 MPH)
Bottom of the 5th over - 0 runs, 0 hits, 0 errors, 0 left on base; Johnson City 3 - San Francisco (APP) 3
TOP OF THE 6TH
Johnson City Cardinals batting - Pitching for San Francisco (APP) Giants : RHP Nick McDade
Batting: RHB Chris Jones 0-0: Ball
1-0: Ball
2-0: Ball
3-0: Base on Balls
Pitching: RHP Francisco Gonzalez
Batting: RHB Ray Souza 0-0: Called Strike
0-1: Ball
1-1: 2-RUN HOME RUN (Flyball, 7LD, EV 91.2 MPH), Distance : 344 ft
Batting: RHB Fortunato Fteira 0-0: Called Strike
0-1: Ball
1-1: Foul Ball, location: 2F
1-2: SINGLE (Groundball, 6S, EV 67.5 MPH) (infield hit)
Batting: RHB Mario Mendoza 0-0: Ball
1-0: Foul Ball, location: 2F
1-1: Ball
2-1: Ball
3-1: Base on Balls
Fortunato Fteira to second
Batting: RHB Pat Scaturro 0-0: Ball
1-0: Foul Ball, location: 2F
1-1: Foul Ball, location: 2F
1-2: Ball
2-2: Ball
3-2: Base on Balls
Fortunato Fteira to third
Mario Mendoza to second
Pitching: LHP Gil Longoria
Batting: RHB Francisco de la Cruz 0-0: GRAND SLAM HOME RUN (Line Drive, 78XD, EV 115.6 MPH), Distance : 439 ft
Batting: RHB Brad Payne 0-0: Called Strike
0-1: Called Strike
0-2: Ball
1-2: Strikes out swinging
Batting: RHB Austin Akers 0-0: Called Strike
0-1: Foul Ball, location: 2F
0-2: Ball
1-2: DOUBLE (Line Drive, 9LM, EV 111.9 MPH)
Batting: RHB Kyle Burns 0-0: Ball
1-0: Ball
2-0: Ball
3-0: Called Strike
3-1: DOUBLE (Line Drive, 7LS, EV 113.8 MPH)
Austin Akers scores
Batting: RHB Chris Jones 0-0: Ball
1-0: Foul Ball, location: 2F
1-1: SINGLE (Line Drive, 9S, EV 106.9 MPH)
Kyle Burns to third
Batting: RHB Ray Souza 0-0: Called Strike
0-1: Ball
1-1: Foul Ball, location: 2F
1-2: Ball
2-2: Ball
3-2: Base on Balls
Chris Jones to second
Pitching: RHP Filip Nebylitsin
Batting: RHB Fortunato Fteira 0-0: Called Strike
0-1: GRAND SLAM HOME RUN (Flyball, 7D, EV 95.0 MPH), Distance : 375 ft
Batting: RHB Mario Mendoza 0-0: Swinging Strike
0-1: Ball
1-1: Ball
2-1: Ball
3-1: Foul Ball, location: 2F
3-2: SINGLE (Groundball, 56, EV 101.9 MPH)
Batting: RHB Pat Scaturro 0-0: Ball
1-0: SINGLE (Groundball, 25, EV 60.6 MPH) (infield hit)
Mario Mendoza to second
Batting: RHB Francisco de la Cruz 0-0: Swinging Strike
0-1: Swinging Strike
0-2: Ball
Wild Pitch!
Mario Mendoza to third
Pat Scaturro to second
1-2: Foul Ball, location: 2F
1-2: Ball
2-2: Strikes out swinging
Batting: RHB Brad Payne 0-0: Ball
1-0: Called Strike
1-1: Swinging Strike
1-2: Ball
2-2: Foul Ball, location: 2F
2-2: SINGLE (Line Drive, 34D, EV 95.6 MPH)
Mario Mendoza scores
Pat Scaturro to third
Runner from 3rd tries for Home, SAFE, throw by RF to home
Pitching: RHP Alexis Andrade
Batting: RHB Austin Akers 0-0: Fly out, F5 (Popup, 5F, EV 78.1 MPH)
Top of the 6th over - 13 runs, 10 hits, 0 errors, 1 left on base; Johnson City 16 - San Francisco (APP) 3
BOTTOM OF THE 6TH
San Francisco (APP) Giants batting - Pitching for Johnson City Cardinals : RHP Gareth Haigh
Batting: RHB Frank Pena 0-0: Foul Ball, location: 2F
0-1: Swinging Strike
0-2: SINGLE (Line Drive, 78S, EV 94.4 MPH)
Batting: RHB John Tyra 0-0: Ball
1-0: Ball
2-0: Called Strike
2-1: Ball
3-1: Swinging Strike
3-2: Base on Balls
Frank Pena to second
Batting: RHB Pedro Quezada 0-0: Ball
Frank Pena is caught stealing 3rd base 2-5
1-0: Foul Ball, location: 2F
1-1: Foul Ball, location: 2F
1-2: Foul Ball, location: 2F
1-2: Ball
2-2: Ball
3-2: DOUBLE (Line Drive, 8LXD, EV 105.6 MPH)
John Tyra to third
Batting: RHB David Andrews 0-0: Called Strike
0-1: Called Strike
0-2: Strikes out looking
Batting: RHB Bob Schweiger 0-0: Swinging Strike
0-1: Ball
1-1: Ball
Wild Pitch!
John Tyra scores
Pedro Quezada to third
2-1: Swinging Strike
2-2: Strikes out swinging
Bottom of the 6th over - 1 run, 2 hits, 0 errors, 1 left on base; Johnson City 16 - San Francisco (APP) 4
TOP OF THE 7TH
Johnson City Cardinals batting - Pitching for San Francisco (APP) Giants : RHP Alexis Andrade
Batting: RHB Kyle Burns 0-0: Ball
1-0: Ball
2-0: Called Strike
2-1: Foul Ball, location: 2F
2-2: Ball
3-2: Strikes out swinging
Batting: RHB Chris Jones 0-0: Ball
1-0: Called Strike
1-1: Ball
2-1: Ball
3-1: Base on Balls
Batting: RHB Ray Souza 0-0: Called Strike
0-1: Fielders Choice at 2nd, 5-4 (Groundball, 5, EV 105.0 MPH)
Batting: RHB Fortunato Fteira 0-0: Foul Ball, location: 2F
Balk!
Ray Souza to second
0-1: Fly out, F4 (Popup, 34S, EV 85.6 MPH)
Top of the 7th over - 0 runs, 0 hits, 0 errors, 1 left on base; Johnson City 16 - San Francisco (APP) 4
BOTTOM OF THE 7TH
San Francisco (APP) Giants batting - Pitching for Johnson City Cardinals : RHP Gareth Haigh
Pitching: RHP Joe Cornell
Batting: RHB Ryan Bentz 0-0: Ground out 4-3 (Groundball, 4M, EV 90.6 MPH)
Batting: RHB Jeremy Bailey 0-0: Fly out, F4 (Line Drive, 4, EV 64.4 MPH)
Batting: RHB Teruhide Horiuchi 0-0: SOLO HOME RUN (Flyball, 78XD, EV 110.0 MPH), Distance : 431 ft
Batting: RHB Bill Defazio 0-0: Ball
1-0: Ball
2-0: Called Strike
2-1: Foul Ball, location: 2F
2-2: Strikes out swinging
Bottom of the 7th over - 1 run, 1 hit, 0 errors, 0 left on base; Johnson City 16 - San Francisco (APP) 5
TOP OF THE 8TH
Johnson City Cardinals batting - Pitching for San Francisco (APP) Giants : RHP Alexis Andrade
Batting: RHB Mario Mendoza 0-0: Swinging Strike
0-1: Foul Ball, location: 2F
0-2: Ball
1-2: Ball
2-2: Fly out, F9 (Flyball, 89M, EV 76.9 MPH)
Batting: RHB Pat Scaturro 0-0: Ball
1-0: Ball
2-0: Called Strike
2-1: Called Strike
2-2: Ball
3-2: Base on Balls
Batting: RHB Francisco de la Cruz 0-0: Ball
1-0: Called Strike
1-1: Fly out, F3 (Popup, 3S, EV 80.6 MPH)
Batting: RHB Brad Payne 0-0: Called Strike
0-1: Ball
1-1: Foul Ball, location: 2F
1-2: Strikes out swinging
Top of the 8th over - 0 runs, 0 hits, 0 errors, 1 left on base; Johnson City 16 - San Francisco (APP) 5
BOTTOM OF THE 8TH
San Francisco (APP) Giants batting - Pitching for Johnson City Cardinals : RHP Joe Cornell
Batting: RHB Frank Pena 0-0: SINGLE (Groundball, 56D, EV 104.4 MPH)
Batting: RHB John Tyra 0-0: Ball
1-0: Foul Ball, location: 2F
1-1: Swinging Strike
1-2: Ball
2-2: Ball
3-2: Foul Ball, location: 2F
3-2: Ground out 5-3 (Groundball, 56S, EV 88.1 MPH)
Frank Pena to second
Batting: RHB Pedro Quezada 0-0: Called Strike
0-1: Ball
1-1: Swinging Strike
1-2: Ball
2-2: Ball
3-2: Ground out 1-3 (Groundball, 15S, EV 71.9 MPH)
Batting: RHB David Andrews 0-0: Called Strike
0-1: Swinging Strike
0-2: Fly out, F3 (Flyball, 3D, EV 87.5 MPH)
Bottom of the 8th over - 0 runs, 1 hit, 0 errors, 1 left on base; Johnson City 16 - San Francisco (APP) 5
TOP OF THE 9TH
Johnson City Cardinals batting - Pitching for San Francisco (APP) Giants : RHP Alexis Andrade
Batting: RHB Austin Akers 0-0: Ground out 4-3 (Groundball, 4, EV 111.2 MPH)
Batting: RHB Kyle Burns 0-0: Ball
1-0: Ball
2-0: Called Strike
2-1: Ground out 6-3 (Groundball, 6, EV 86.9 MPH)
Batting: RHB Chris Jones 0-0: Ball
1-0: Ball
2-0: DOUBLE (Line Drive, 5D, EV 98.1 MPH)
Pitching: LHP Jack Klein
Batting: RHB Ray Souza Balk!
Chris Jones to third
0-0: Called Strike
0-1: Ball
1-1: Ball
2-1: Ball
3-1: Base on Balls
Batting: RHB Fortunato Fteira 0-0: Ball
1-0: Foul Ball, location: 2F
1-1: Called Strike
1-2: Ball
2-2: Ball
3-2: Base on Balls
Ray Souza to second
Batting: RHB Mario Mendoza 0-0: Ball
1-0: Fly out, F8 (Flyball, 8RD, EV 95.0 MPH)
Top of the 9th over - 0 runs, 1 hit, 0 errors, 3 left on base; Johnson City 16 - San Francisco (APP) 5
BOTTOM OF THE 9TH
San Francisco (APP) Giants batting - Pitching for Johnson City Cardinals : RHP Joe Cornell
Pitching: LHP Sean Cerna
Batting: RHB Bob Schweiger 0-0: Called Strike
0-1: Swinging Strike
0-2: Ball
1-2: Foul Ball, location: 2F
1-2: Ball
2-2: Strikes out swinging
Batting: RHB Ryan Bentz 0-0: Foul Ball, location: 2F
0-1: Foul Ball, location: 2F
0-2: Single, Error in OF, E7, batter to second base (Groundball, 56D, EV 97.5 MPH)
Batting: RHB Jeremy Bailey 0-0: Called Strike
0-1: Foul Ball, location: 2F
0-2: Ball
1-2: Strikes out swinging
Batting: RHB Teruhide Horiuchi 0-0: Ball
1-0: Fly out, F6 (Popup, 6M, EV 71.2 MPH)
Bottom of the 9th over - 0 runs, 1 hit, 1 error, 1 left on base; Johnson City 16 - San Francisco (APP) 5
Wednesday, June 22nd , 2022 - OOTP Baseball 23.4 Build 64